AoeStats
← ITA | Raffy

MegaRandom

504323157Analyzed
4v4 RM · 27d ago on Sep 4, 2026· 26m 1s· 8 players
Game mode
Random Map
Map size
Large (8 player)
Population
200
Speed
Normal
Resources
Standard
Victory
Conquest
Starting age
Dark Age
Ending age
Imperial Age
RankedLock teamsTeams togetherTeam positionsShared explorationLock speedFull tech treeHidden civsTurbo modeCheats
Victory
Defeat
🇦🇷 Gurjaras · Argentina
1370
+12
🇺🇸 Muisca · United States
1345
+13
🇮🇪 Poles · Ireland
1337
+13
🇸🇪 Mongols · Sweden
1310
+16
🇧🇦 Khmer · Bosnia & Herzegovina
1319
-15
🇮🇹 Ethiopians · Italy
1315
-15
🇮🇳 Berbers · India
1264
-13
🇺🇸 Gurjaras · United States
1228
-11
adi.rathore
6:51 Loom
9:02 Feudal Age
10:23 Double-Bit Axe
16:08 Scale Barding Armor
18:29 Forging
18:57 Bloodlines
23:38 Castle Age
23:42 Light Cavalry
24:44 Chain Barding Armor
offbyone
7:51 Loom
10:09 Feudal Age
11:32 Double-Bit Axe
16:42 Scale Barding Armor
21:45 Forging
26:47 Castle Age
killerdonkeywithacapitalk
6:55 Loom
10:28 Feudal Age
17:07 Castle Age
15:58 Double-Bit Axe
17:05 Gold Mining
17:40 Bloodlines
26:11 Wheelbarrow
ITA | Raffy
6:07 Loom
9:28 Feudal Age
14:17 Double-Bit Axe
15:19 Fletching
20:23 Wheelbarrow
25:36 Castle Age
24:15 Gold Mining
24:13 Horse Collar
EweRwoRld
9:26 Loom
11:11 Feudal Age
13:21 Double-Bit Axe
17:08 Bloodlines
19:36 Wheelbarrow
18:53 Gold Mining
19:23 Forging
19:17 Horse Collar
22:27 Castle Age
22:33 Light Cavalry
23:13 Husbandry
25:03 Hand Cart
[ZCHE] Benja
5:11 Loom
9:08 Feudal Age
9:55 Double-Bit Axe
11:33 Horse Collar
13:27 Scale Barding Armor
15:16 Bloodlines
17:11 Forging
23:21 Castle Age
22:42 Gold Mining
23:29 Wheelbarrow
23:23 Light Cavalry
24:04 Husbandry
24:25 Chain Barding Armor
24:41 Iron Casting
Dusk_
0:27 Loom
7:12 Loom
10:37 Feudal Age
11:18 Double-Bit Axe
11:54 Fletching
12:47 Padded Archer Armor
15:31 Town Watch
21:59 Castle Age
22:27 Crossbowman
23:04 Bodkin Arrow
kei 2026
6:23 Loom
8:54 Feudal Age
9:48 Double-Bit Axe
15:02 Horse Collar
16:22 Fletching
17:30 Padded Archer Armor
24:48 Castle Age
23:42 Gold Mining
25:24 Forging
25:09 Crossbowman
26:18 Bow Saw
26:41 Heavy Plow
Connection lost

Rejoining the realm…

Still unreachable

The connection could not be restored.

Session expired

The server has moved on; the page needs a fresh start.